 Dungeon Crawl Stone Soup version 0.32-a0-673-g3729bd50f8 (webtiles) character file.

Game seed: 1910689138270814955

56 seaoflcl the Conjurer (level 3, 0/19 HPs)
             Began as a Deep Elf Conjurer on Mar 10, 2024.
             Slain by an ufetubus (4 damage)
             ... on level 3 of the Dungeon.
             The game lasted 00:08:38 (3031 turns).

seaoflcl the Conjurer (Deep Elf Conjurer)           Turns: 3031, Time: 00:08:39

Health: 0/19       AC:  2    Str:  4    XL:     3   Next: 71%
Magic:  8/10       EV: 13    Int: 24    God:
Gold:   130        SH:  0    Dex: 13    Spells: 6/9 levels left

rFire   . . .        h - staff of air
rCold   . . .        (no shield)
rNeg    . . .        a - +0 robe
rPois   .            (no helmet)
rElec   +            (no cloak)
rCorr   .            (no gloves)
SInv    .            (no boots)
Will    .....        (no amulet)
Stlth   ++           (no ring)
HPRegen 0.23/turn    (no ring)
MPRegen 0.12/turn

%: no passive effects
@: no status effects
A: no striking features
a: no special abilities


You were on level 3 of the Dungeon.
You visited 1 branch of the dungeon, and saw 3 of its levels.

You collected 130 gold pieces.

Inventory:

Armour
 a - a +0 robe (worn)
Magical Staves
 h - a staff of air (weapon)
Wands
 k - a wand of roots (9)
Scrolls
 e - a scroll of blinking {unknown}
 f - a scroll of enchant weapon {unknown}
 j - a scroll of summoning {unknown}
 l - a scroll of identify {unknown}
Potions
 b - a potion of magic
 c - a potion of might {unknown}
 d - a potion of curing {unknown}
 g - a potion of ambrosia {unknown}
 i - a potion of resistance {unknown}


   Skills:
 + Level 3.2 Dodging
 + Level 3.3 Stealth
 + Level 3.7 Spellcasting
 + Level 4.8 Conjurations
 + Level 0.1 Air Magic
 + Level 0.2 Evocations


You had 6 spell levels left.
You knew the following spells:

 Your Spells              Type           Power      Damage    Failure   Level
a - Magic Dart            Conj           100%       1d8       1%          1
b - Searing Ray           Conj           54%        2d6       2%          2

Your spell library contained the following spells:

 Spells                   Type           Power      Damage    Failure   Level
 Slow                     Hex            16%        N/A       10%         1
 Confusing Touch          Hex            4%         N/A       30%         3
 Sigil of Binding         Hex            4%         N/A       30%         3
 Vampiric Draining        Necr           4%         2d6       30%         3
 Fulminant Prism          Conj/Alch      8%         3d7       36%         4
 Iskenderun's Mystic Bla  Conj/Tloc      16%        2d5       36%         4


Dungeon Overview and Level Annotations

Branches:
Dungeon (3/15)

Altars:

Shops:
D:2 [   D:3 [


Message History

There is a dry fountain here.
There is an open door here.
An ufetubus and a bat come into view.
Found 9 gold pieces.
There are monsters nearby!
Aiming: Magic Dart (safe; 1% risk of failure)
Press: ? - help, Q - select action, (/) - cycle Shift-Dir - straight line, f - bat
Aim: a bat (asleep, 100% to hit)
The magic dart hits the bat.
The bat is moderately wounded.
The ufetubus shouts!
The bat barely misses you.
An ufetubus comes into view.
The bat hits you but does no damage.
Aiming: Magic Dart (safe; 1% risk of failure)
Press: ? - help, Q - select action, (/) - cycle Shift-Dir - straight line, f/p - bat
Aim: a bat (moderately wounded, 100% to hit)
The magic dart hits the bat.
You kill the bat!
The ufetubus shouts!
Aiming: Magic Dart (safe; 1% risk of failure)
Press: ? - help, Q - select action, (/) - cycle Shift-Dir - straight line, f - ufetubus
Aim: an ufetubus (100% to hit)
The magic dart hits the ufetubus.
The ufetubus is heavily wounded.
The ufetubus closely misses you. The ufetubus misses you.
The ufetubus hits you but does no damage.
The ufetubus barely misses you. The ufetubus attacks as it pursues you!
The ufetubus barely misses you. The ufetubus hits you.
The ufetubus attacks as it pursues you! The ufetubus misses you.
The ufetubus hits you. The ufetubus hits you. x2
The ufetubus closely misses you. x2
The ufetubus attacks as it pursues you! The ufetubus closely misses you. x4
The ufetubus attacks as it pursues you! The ufetubus closely misses you.
The ufetubus hits you.
* * * LOW HITPOINT WARNING * * *
The ufetubus misses you. The ufetubus hits you.
You die...

#...♣...#'+.......''#...♣...#
##.....##.##...[.##.##.[...##
##...##..^##...##...##...##
##+##..⌠..##'##..⌠..##'##
###...##...##...##..#
.$##.##.#...##.###.## #.
#'#....#.##'#...# #.
#.#.5###.##...###
#.##...5@...######
#......###### ########


You could see 2 ufetubi.

Vanquished Creatures
  2 dart slugs
  7 ball pythons
  5 endoplasms (D:2)
  4 giant cockroaches
  A goblin (D:2)
  3 hobgoblins
  11 kobolds
  A quokka (D:1)
  7 bats
  2 frilled lizards
  4 rats
47 creatures vanquished.

Notes
Turn   | Place    | Note
-------+----------+-------------------------------------------
     0 | D:1      | seaoflcl the Deep Elf Conjurer began the quest for the Orb.
     0 | D:1      | Reached XP level 1. HP: 10/10 MP: 6/6
    68 | D:1      | Reached XP level 2. HP: 12/15 MP: 0/8
   139 | D:1      | Learned a level 2 spell: Searing Ray
  1329 | D:2      | Found Nuddutan's Armour Emporium.
  1350 | D:2      | Reached XP level 3. HP: 19/19 MP: 8/10
  1791 | D:2      | Found a faded altar of an unknown god.
  2142 | D:2      | You fall into a shaft and drop 1 floor!
  2289 | D:3      | Found Keredot's Antique Armour Boutique.
  3031 | D:3      | Slain by an ufetubus

Illustrated notes

Levels and vault maps discovered:
D:1:      ldierk_walled_garden_2, layout_loops_ring, serial_bayou,
          serial_bayou_shore_a, serial_bayou_lagoon_b, serial_bayou_shore_b,
          serial_bayou_pond_e
D:2:      layout_basic, shapermc_ecumenical_altar_mp_urbaneastern, serial_shops,
          shop, grunt_ministairs_1
D:3:      layout_loops_cross, grunt_temple_overflow_open, serial_shops, shop,
          dreamdust_princess_corridor, columned_hall_lemuel,
          nicolae_hexahallways

Skill      XL: |  1  2 |
---------------+-------+-----
Stealth        | 3 |  3.3
Dodging        | 3 |  3.2
Spellcasting   | |  3.7
Conjurations   | |  4.8
Air Magic      | |  0.1
Evocations     | |  0.2

Action                     || total
---------------------------++-------
  Melee: Unarmed           ||     2
   Cast: Magic Dart        ||    75
         Searing Ray       ||     1
 Armour: Robe              ||    10
  Dodge: Dodged            ||    17

Table legend: (Time is in decaauts)
 A = Elapsed time spent in this place.
 B = Non-inter-level travel time spent in this place.
 C = Inter-level travel time spent in this place.
 D = Time resting spent in this place.
 E = Time spent auto-exploring this place.
 F = Levels seen in this place.
 G = Mean time per level.
                   A        B        C        D        E       F      G
               +--------+--------+--------+--------+--------+-----+--------+
         Total |   3071 |   2846 |    225 |    408 |   2124 |   3 | 1023.7 |
       Dungeon |   3071 |   2846 |    225 |    408 |   2124 |   3 | 1023.7 |
               +--------+--------+--------+--------+--------+-----+--------+

Top non-repeatable levels by time:
     D:2: 1372 daAuts
     D:1: 1323 daAuts
     D:3: 374 daAuts
